 Dungeon Crawl Stone Soup version 0.28.0 (webtiles) character file.

Game seed: 3857647805540834450

818 RighteousDevil the Cleaver (level 7, 0/67 HPs)
             Began as a Deep Dwarf Monk on Feb 15, 2022.
             Slain by a centaur (1 damage)
             ... on level 6 of the Dungeon.
             The game lasted 00:07:32 (2808 turns).

RighteousDevil the Cleaver (Deep Dwarf Monk)        Turns: 2808, Time: 00:07:33

Health: 0/67       AC: 10    Str: 17    XL:     7   Next: 62%
Magic:  5/5        EV: 10    Int: 10    God:
Gold:   809        SH:  0    Dex: 15    Spells: 6/6 levels left

rFire   . . .      SeeInvis +   a - +0 hand axe
rCold   . . .      Faith    .   (no shield)
rNeg    . . .      Spirit   .   c - +1 scale mail
rPois   .          Reflect  .   d - +2 helmet
rElec   .          Harm     .   (no cloak)
rCorr   .          Rampage  .   (no gloves)
Will    +....                   (no boots)
Stlth   +.........              (no amulet)
HPRegen 0.00/turn               f - ring of see invisible
MPRegen 0.09/turn               (no ring)

@: lethally poisoned (0 -> 0)
A: damage resistance, heal wounds, sense surroundings 1, no regeneration
a: Heal Wounds


You were on level 6 of the Dungeon.
You visited 1 branch of the dungeon, and saw 5 of its levels.

You collected 904 gold pieces.
You spent 95 gold pieces at shops.

Inventory:

Hand Weapons
 a - a +0 hand axe (weapon)
 p - a +0 flail
Missiles
 i - 6 atropa-tipped darts
Armour
 c - a +1 scale mail (worn)
 d - a +2 helmet (worn)
Jewellery
 f - a ring of see invisible (left hand)
 g - a +6 ring of intelligence
 h - an amulet of faith
Wands
 l - a wand of acid (12)
Scrolls
 e - a scroll of enchant armour
 j - 2 scrolls of fear
 k - a scroll of teleportation {unknown}
 m - a scroll of torment {unknown}
 n - a scroll of immolation {unknown}
 o - a scroll of identify
 q - a scroll of blinking {unknown}
 r - a scroll of vulnerability
 s - a scroll of magic mapping {unknown}
Potions
 b - a potion of invisibility


   Skills:
 + Level 5.2 Fighting
 * Level 8.4 Axes
 - Level 3.2 Dodging
 - Level 2.4 Stealth


You had 6 spell levels left.
You didn't know any spells.
Your spell library contained the following spells:

 Spells                   Type           Power      Damage    Failure   Level
 Foxfire                  Conj/Fire      0%         2x1d4     80%         1
 Static Discharge         Conj/Air       0%         N/A       91%         2
 Conjure Flame            Conj/Fire      0%         6-21      99%         3
 Ignite Poison            Fire/Tmut/Pois 0%         N/A       99%         3
 Inner Flame              Hex/Fire       0%         N/A       99%         3
 Mephitic Cloud           Conj/Pois/Air  0%         N/A       99%         3
 Dispel Undead            Necr           0%         3d6       100%        4
 Flame Wave               Conj/Fire      0%         2d4       100%        4
 Sticky Flame             Conj/Fire      0%         2d3       100%        4
 Freezing Cloud           Conj/Ice/Air   0%         6-21      100%        5


Dungeon Overview and Level Annotations

Branches:
Dungeon (4/15)
 Temple: D:4-7

Altars:

Shops:
D:4 *


Innate Abilities, Weirdness & Mutations

You are resistant to damage.
You can heal yourself by infusing magical energy.
You passively map a small area around you.
You do not regenerate.


Message History

The centaur unwields a +0 shortbow.
The centaur hits you but does no damage.
The centaur kicks you.
The hornet zombie hits you but does no damage.
There is an open door here.
You closely miss the scorpion.
The scorpion is almost dead.
You hit the hornet zombie. You hit the centaur but do no damage.
The centaur hits you.
The centaur kicks you but does no damage.
The scorpion stings you.
* * * LOW HITPOINT WARNING * * *
You are poisoned.
The scorpion poisons you! The hornet zombie barely misses you.
The centaur barely misses you. The centaur kicks you.
Unknown command.
You fail to use your ability.
The centaur hits you but does no damage.
The centaur barely misses you. The scorpion stings you.
You are more poisoned.
The scorpion poisons you! The hornet zombie hits you!
* * * LOW HITPOINT WARNING * * *
Activating: Heal Wounds (13% risk of failure)
Press: ? - help, Q - select action, (/) - cycle Dir - look around, f - activate Look: a scorpion (severely wounded)
Okay, then.
Unknown command.
You fail to use your ability.
You feel sick.
The centaur hits you but does no damage.
The centaur kicks you but does no damage.
The scorpion closely misses you. The hornet zombie hits you.
* * * LOW HITPOINT WARNING * * *
The centaur closely misses you. The centaur barely misses you.
Unknown command.
You fail to use your ability.
The hornet zombie hits you but does no damage.
The scorpion barely misses you.
The centaur hits you but does no damage.
The centaur kicks you.
You die...

, ,
#.................+
#........##.......# ,
, #.......##.......#
, #.......##........
#........#.......# ,
..........#.......# *
..........#........ ,
,.........c#s.......
..........@Z.......
,,#############+#####
, , , , ,,, , ,, , ,
, , ,,,, , , , * , *
*


You could see a centaur, a scorpion and a hornet zombie.

Vanquished Creatures
  Sigmund (D:2)
  A sky beast (D:4)
  An ogre (D:4)
  A kobold brigand (D:4)
  A scorpion (D:4)
  A howler monkey (D:4)
  2 hounds (D:4)
  An iguana (D:4)
  Terence (D:2)
  An orc wizard (D:3)
  Robin (D:2)
  A howler monkey skeleton (D:4)
  An adder (D:4)
  An ufetubus (D:4)
  An adder skeleton (D:4)
  4 worms
  3 dart slugs
  4 orcs (D:3)
  4 endoplasms
  3 giant cockroaches
  13 goblins
  13 hobgoblins
  12 jackals
  5 quokkas
  5 ball pythons
  6 bats
  7 frilled lizards
  31 kobolds
  A quokka skeleton (D:4)
  7 rats
134 creatures vanquished.

Vanquished Creatures (others)
  12 plants (D:4)
12 creatures vanquished.

Grand Total: 146 creatures vanquished

Notes
Turn   | Place    | Note
-------+----------+-------------------------------------------
     0 | D:1      | RighteousDevil the Deep Dwarf Monk began the quest for the
                  | Orb.
     0 | D:1      | Reached XP level 1. HP: 20/20 MP: 1/1
   193 | D:1      | Found a faded altar of an unknown god.
   204 | D:1      | Reached XP level 2. HP: 16/28 MP: 2/2
   262 | D:1      | Reached skill level 4 in Axes
   476 | D:1      | Reached XP level 3. HP: 25/34 MP: 3/3
   565 | D:1      | Identified a scroll of acquirement
   565 | D:1      | Acquired 697 gold pieces
   598 | D:2      | Noticed Sigmund
   640 | D:2      | Killed Sigmund
   641 | D:2      | Reached skill level 5 in Axes
   641 | D:2      | Reached XP level 4. HP: 24/44 MP: 4/4
   641 | D:2      | Reached XP level 5. HP: 28/50 MP: 5/5
   765 | D:2      | Noticed Terence
   824 | D:2      | Killed Terence
   825 | D:2      | Reached skill level 6 in Axes
  1113 | D:2      | Noticed Robin
  1124 | D:2      | Killed Robin
  1125 | D:2      | Reached XP level 6. HP: 43/57 MP: 6/6
  2015 | D:4      | Found Veudd's Assorted Antiques.
  2082 | D:4      | Bought a scroll labelled FAWITU XEIFA for 19 gold pieces
  2082 | D:4      | Bought a scroll labelled JUF QAGEYFF for 19 gold pieces
  2082 | D:4      | Bought a scroll labelled OLUUTY PEUSCH for 19 gold pieces
  2082 | D:4      | Bought a scroll of identify for 38 gold pieces
  2203 | D:4      | Noticed a sky beast
  2210 | D:4      | Reached skill level 7 in Axes
  2226 | D:4      | Killed a sky beast
  2235 | D:4      | Reached XP level 7. HP: 58/66 MP: 7/7
  2393 | D:4      | Reached skill level 5 in Fighting
  2486 | D:4      | Reached skill level 8 in Axes
  2783 | D:4      | You fall into a shaft and drop 2 floors!
  2807 | D:6      | HP: 1/67 [hornet zombie (4)]
  2808 | D:6      | Slain by a centaur

Illustrated notes

Levels and vault maps discovered:
D:1:      wander_arrival_peaceful_grave, layout_rooms,
          shapermc_ecumenical_altar_notcrosses, hangedman_decor_clover_reticule
D:2:      layout_basic, uniq_sigmund, uniq_robin, uniq_terence
D:3:      layout_basic, kennysheep_another_room, chequers_jeans
D:4:      kennysheep_kobold_camp, layout_cave_pools,
          nicolae_hepliaklqana_hippocampus, serial_shops,
          nicolae_inconvenience_store
D:6:      layout_gridville, minmay_microvault, uniq_grinder

Skill      XL: |  1  2  3  4  5  6  7 |
---------------+----------------------+-----
Fighting       | 3 4 5 |  5.2
Axes           | 4 5 6 7 8 |  8.4
Dodging        | |  3.2
Stealth        | |  2.4

Action                   |  1- 3 |  4- 6 |  7- 9 || total
-------------------------+-------+-------+-------++-------
Melee: Hand axe          |   141 |   250 |   103 ||   494
       Punch             |       |     3 |     3 ||     6
 Abil: Heal Wounds       |     3 |     7 |     3 ||    13
  Use: Scroll            |     2 |     3 |     2 ||     7
       Potion            |     1 |     1 |       ||     2
Armor: Robe              |     6 |       |       ||     6
       Scale mail        |    33 |   115 |    56 ||   204
Dodge: Dodged            |    82 |   137 |    66 ||   285
